 Dungeon Crawl Stone Soup version 0.20.0-10-g0535bb4 (console) character file.

554 removed the Cutter (level 7, -4/43 HPs)
             Began as a Deep Elf Assassin on June 4, 2017.
             Slain by a centaur
             ... wielding a cursed +0 shortbow
              (9 damage)
             ... on level 5 of the Dungeon.
             The game lasted 00:06:57 (5204 turns).

removed the Cutter (Deep Elf Assassin)              Turns: 5204, Time: 00:06:57

Health: -4/43      AC:  6    Str:  8    XL:     7   Next: 8%
Magic:  9/9        EV: 15    Int: 18    God:
Gold:   199        SH:  0    Dex: 16    Spells: 6/6 levels left

rFire    . . .     SeeInvis .   a - +3 dagger
rCold    . . .     Gourm    .   (no shield)
rNeg     . . .     Faith    .   c - +0 robe
rPois    +         Spirit   .   (no helmet)
rElec    .         Reflect  .   d - +0 cloak
rCorr    .         Harm     .   p - +2 pair of gloves
MR       .....                  (no boots)
Stlth    +++.......             v - amulet of rage
Regen    0.2/turn               x - ring of poison resistance
MPRegen  0.2/turn               (no ring)

@: no status effects
A: no striking features
a: Evoke Berserk Rage


You were on level 5 of the Dungeon.
You were not hungry.

You visited 1 branch of the dungeon, and saw 5 of its levels.

You collected 199 gold pieces.

Inventory:

Hand Weapons
 a - a +3 dagger (weapon)
 b - a +0 blowgun
Missiles
 e - 4 poisoned needles
 f - a curare-tipped needle
Armour
 c - a +0 robe (worn)
 d - a +0 cloak (worn)
 p - a +2 pair of gloves (worn)
Jewellery
 v - an amulet of rage (around neck)
 x - a ring of poison resistance (left hand)
Wands
 C - a wand of scattershot (3/9)
 F - a wand of random effects (21/48)
Scrolls
 k - 2 scrolls of amnesia
 w - a scroll of teleportation
Potions
 j - 2 potions of might
 r - 2 potions of flight
 E - a potion of agility
 G - a potion of haste
 H - a potion of brilliance {unknown}
 J - a potion of lignification {unknown}
Comestibles
 g - 5 bread rations
 m - 2 royal jellies
 s - 2 meat rations
 t - 5 fruits
 I - a chunk of flesh


   Skills:
 - Level 4.0 Fighting
 - Level 5.0 Short Blades
 - Level 2.0 Throwing
 + Level 4.6 Dodging
 - Level 4.8 Stealth


You had 6 spell levels left.
You didn't know any spells.

Dungeon Overview and Level Annotations

Branches:
Dungeon (5/15)
 Temple: D:4-7

Altars:
Gozag
Hepliaklqana
Okawaru
Trog
The Shining One

Shops:
D:4 *%


Message History

You hit the centaur.
The centaur is almost dead.
The centaur hits you but does no damage.
You hit the centaur.
The centaur is almost dead.
The centaur hits you but does no damage.
You hit the centaur but do no damage.
The centaur is almost dead.
The centaur closely misses you.
You barely miss the centaur.
The centaur is almost dead.
The centaur closely misses you.
You hit the centaur but do no damage.
The centaur is almost dead.
The centaur hits you with a shortbow.
* * * LOW HITPOINT WARNING * * *
You hit the centaur.
The centaur is almost dead.
The centaur hits you with a shortbow!
You die...

.######.#....#.#.......######.
. #.##.#.#.......<........
#......#########.#######
..........#..(...##.....#
.......####.####.##...#.#
......># #.# #.####.#.#.#
......#####.####....#.....#
....). .......c..#.#.#.#.#
.####. #...@.(#.....### #.
#..........### #####.######
#.# #.# #.# #.# #.#


You could see a centaur.

Vanquished Creatures
  4 ogres
  A howler monkey (D:4)
  A worker ant (D:4)
  4 adders
  2 oozes (D:1)
  2 worms
  7 dart slugs
  2 leopard geckos (D:2)
  12 orcs
  A ball python (D:2)
  5 giant cockroaches
  6 goblins
  10 hobgoblins
  12 jackals
  2 quokkas
  4 bats
  2 frilled lizards
  10 kobolds
  4 rats
91 creatures vanquished.

Notes
Turn   | Place    | Note
-------+----------+-------------------------------------------
     0 | D:1      | removed the Deep Elf Assassin began the quest for the Orb.
     0 | D:1      | Reached XP level 1. HP: 12/12 MP: 3/3
   130 | D:1      | Reached XP level 2. HP: 16/16 MP: 4/4
   142 | D:1      | Reached skill level 3 in Short Blades
   919 | D:1      | Reached XP level 3. HP: 20/20 MP: 5/5
  1537 | D:2      | Found an opulent altar of Gozag.
  1585 | D:2      | Reached skill level 4 in Short Blades
  1645 | D:2      | Found a bloodstained altar of Trog.
  1645 | D:2      | Found an iron altar of Okawaru.
  2044 | D:2      | Reached XP level 4. HP: 23/25 MP: 6/6
  2132 | D:2      | Found a hazy altar of Hepliaklqana.
  3039 | D:3      | Found a transporter.
  3150 | D:3      | Reached skill level 5 in Short Blades
  3296 | D:3      | Noticed an ogre
  3309 | D:3      | Killed an ogre
  3309 | D:3      | Reached XP level 5. HP: 29/29 MP: 7/7
  3595 | D:3      | Found a glowing golden altar of the Shining One.
  3996 | D:3      | Found a transporter.
  4436 | D:4      | Found Mumeh's General Store.
  4496 | D:4      | Found Oclap's Food Boutique.
  4551 | D:4      | Reached XP level 6. HP: 32/35 MP: 8/8
  4916 | D:4      | Reached XP level 7. HP: 36/43 MP: 9/9
  5097 | D:5      | Entered Level 5 of the Dungeon
  5103 | D:5      | Found a hazy altar of Hepliaklqana.
  5204 | D:5      | Slain by a centaur

Skill      XL: |  1  2  3  4  5  6 |
---------------+-------------------+-----
Short Blades   | 3 4 5 |  5.0
Dodging        | 3 4 |  4.6
Fighting       | 4 |  4.0
Throwing       | |  2.0
Stealth        | |  4.8

Action                   |  1- 3 |  4- 6 |  7- 9 || total
-------------------------+-------+-------+-------++-------
Melee: Dagger            |   140 |   227 |    58 ||   425
 Fire: Blowgun           |    12 |    32 |       ||    44
  Use: Scroll            |       |       |    11 ||    11
 Stab: Sleeping          |    13 |     8 |       ||    21
  Eat: Chunk             |     3 |    10 |     1 ||    14
Armor: Robe              |    34 |    55 |     8 ||    97
Dodge: Dodged            |    59 |   108 |    37 ||   204
